 Dungeon Crawl Stone Soup version 0.14-a0-788-g14b720c (webtiles) character file.

672 MackTheKnife the Charmwright (level 7, -7/39 HPs)
             Began as a Gargoyle Skald on Nov 10, 2013.
             Mangled by an ogre
             ... wielding a cursed -3,+0 giant club
              (25 damage)
             ... on Level 4 of the Dungeon.
             The game lasted 00:07:54 (4539 turns).

MackTheKnife the Charmwright (Gargoyle Skald)       Turns: 4539, Time: 00:07:55

HP  -7/39        AC  9     Str 15      XL: 7   Next: 14%
MP  13/13        EV 10     Int 13      God:
Gold 183         SH  0     Dex 11      Spells:  3 memorised,  4 levels left

Res.Fire  : . . .   See Invis. : .   q - +2 orc trident
Res.Cold  : . . .   Warding    : .   b - +0 leather armour
Life Prot.: + . .   Conserve   : .   (no shield)
Res.Poison: +       Res.Corr.  : .   (no helmet)
Res.Elec. : .       Clarity    : .   (no cloak)
Sust.Abil.: . .     Spirit.Shd : .   (no gloves)
Res.Mut.  : .       Stasis     : .   B - +0 pair of boots
Res.Rott. : +       Flight     : .   (no amulet)
Saprovore : . . .                    (no ring)
                                     (no ring)

@: slightly resistant to hostile enchantments, very unstealthy
A: fangs 1, talons 2, life protection 1, slow metabolism 1, unbreathing,
petrification resistance, AC +4
a: no special abilities


You were on level 4 of the Dungeon.
You were hungry.

You visited 1 branch of the dungeon, and saw 4 of its levels.

You collected 183 gold pieces.


Innate Abilities, Weirdness & Mutations

You are resistant to torment.
You are immune to poison.
Your stone body is very resilient (AC +4).
You have very sharp teeth.
You have razor-sharp toenails.
You resist negative energy.
You have a slow metabolism.
You can survive without breathing.
You are immune to petrification.


   Skills:
 - Level 2.1 Fighting
 - Level 3.0 Polearms
 - Level 1.1 Armour
 - Level 0.7 Dodging
 - Level 2.5 Spellcasting
 + Level 3.8 Hexes
 + Level 5.0 Charms


You had 4 spell levels left.
You knew the following spells:

 Your Spells              Type           Power        Failure   Level  Hunger
c - Spectral Weapon       Hex/Chrm       ##......     12%         3    ####...
g - Regeneration          Chrm/Necr      #.........   28%         3    ####...
z - Infusion              Chrm           ##....       3%          1    #......

Inventory:

Hand weapons
 q - a +2,+2 orcish trident (weapon)
 r - a +1,+0 quarterstaff
Armour
 b - a +0 leather armour (worn)
 j - a +2 buckler
 B - a +0 pair of boots (worn)
Magical devices
 w - a wand of paralysis (17)
Comestibles
 d - 3 bread rations
 h - a choko
 o - an apple
 D - 2 rotting chunks of orc flesh {@*1}
Scrolls
 a - a scroll of blinking {unknown}
 e - a scroll of enchant armour {unknown}
 f - a scroll of magic mapping
 i - 2 scrolls of teleportation
 k - 2 scrolls of remove curse {unknown}
 l - a scroll of curse armour {unknown}
 m - 4 scrolls of enchant weapon II {unknown}
 n - a scroll of noise {unknown}
 p - 2 scrolls of identify
 s - 3 scrolls of recharging {unknown}
 y - a scroll of random uselessness {unknown}
Jewellery
 v - an uncursed amulet of rage
Potions
 g - 2 potions of might
 t - a potion of cure mutation
 u - 3 potions of curing {unknown}
 x - 2 potions of poison {unknown}
 A - a potion of flight {unknown}
Books
 c - a book of Battle

   Spells                             Type                      Level
   *Infusion                          Charms                       1
   Shroud of Golubria                 Charms/Translocation         2
   Song of Slaying                    Charms                       2
   *Spectral Weapon                   Hexes/Charms                 3
   *Regeneration                      Charms/Necromancy            3

▒··▒ ▒··▒ ▒·▒ ▒··▒ ▒·▒ ··▒
▒·▒ ▒··▒ ▒·▒ ·(▒ ▒·▒ ▒··▒
▒·▒ ▒·?▒ ▒·▒ ▒··▒ ▒·▒ ▒··▒
▒·▒ ▒··▒ ▒·▒ ▒··▒ ▒·▒ ▒··▒
▒·▒ ▒··▒ ▒·▒ ▒··▒ ▒·▒ ▒··▒
▒·▒ ▒··▒ ▒·▒ ▒··▒ ▒9▒ ▒··▒
▒·▒ ▒··▒▒▒▒▒▒▒O▒ ▒··▒ ▒·▒
▒··········▒▒▒▒▒··▒ ▒·▒
▒·············)···▒ ▒·▒
▒···········▒▒▒··(▒▒▒▒▒▒▒·▒
▒·· ▒··▒▒▒▒▒▒▒··▒
▒····(······▒ ▒··▒ ▒··▒
▒··▒ ▒····(······▒ ▒··▒
▒··▒ ▒··▒ ▒··▒▒▒▒▒▒▒··▒
▒··▒ ▒··▒ ▒··▒ ▒··▒ ▒··▒


You could see an ogre.


Message History

Your spectral weapon hits the worker ant.
The worker ant closely misses you.
The ogre hits your spectral weapon with a giant club!
Your spectral weapon shares its damage with you!
You hit the worker ant but do no damage.
The worker ant is severely wounded.
Your spectral weapon hits the worker ant.
The worker ant bites you.
* * * LOW HITPOINT WARNING * * *
The worker ant barely misses you.
You closely miss the worker ant.
The worker ant is severely wounded.
Your spectral weapon hits the worker ant!
You kill the worker ant!
Attack whom?
Aim: an ogre, wielding a giant club You reach to attack!
You hit the ogre.
The ogre is moderately wounded.
Your spectral weapon hits the ogre.
The ogre hits your spectral weapon with a giant club.
Your spectral weapon shares its damage with you!
Your spectral weapon fades away.
* * * LOW HITPOINT WARNING * * *
Attack whom?
Aim: an ogre, wielding a giant club (moderately wounded)
You reach to attack!
You closely miss the ogre.
The ogre is moderately wounded.
The ogre hits you with a giant club!
Ouch! That really hurt!
You die...

Action                   |  1- 3 |  4- 6 |  7- 9 || total
-------------------------+-------+-------+-------++-------
Melee: Spear             |   160 |       |       ||   160
       Trident           |    12 |   280 |    10 ||   302
 Cast: Infusion          |     2 |       |       ||     2
       Spectral Weapon   |       |     6 |     1 ||     7
Evoke: Wand              |       |     1 |       ||     1
  Use: Scroll            |       |     7 |       ||     7

Vault maps used:
D:1:      dpeg_entry_connections, serial_forest, infiniplex_forest_3_way,
          infiniplex_forest_clump_small, infiniplex_forest_lined_2,
          infiniplex_forest_clump_small, infiniplex_forest_straight_1,
          infiniplex_forest_lined_3, infiniplex_forest_clump_tiny
D:2:      first_bread, serial_bayou_crossing
D:3:      grunt_ministairs_2
D:4:      lemuel_elevator

Notes
Turn   | Place    | Note
--------------------------------------------------------------
     0 | D:1      | MackTheKnife, the Gargoyle Skald, began the quest for the Orb.
     0 | D:1      | Reached XP level 1. HP: 12/12 MP: 3/3
    55 | D:1      | Reached XP level 2. HP: 13/16 MP: 0/5
    57 | D:1      | Reached skill level 2 in Polearms
   213 | D:1      | Reached skill level 3 in Charms
   266 | D:1      | Reached XP level 3. HP: 16/20 MP: 6/6
   639 | D:1      | Learned a level 3 spell: Spectral Weapon
  1690 | D:2      | Reached XP level 4. HP: 20/26 MP: 8/8
  1920 | D:2      | Reached skill level 1 in Hexes
  2434 | D:3      | Reached skill level 3 in Polearms
  2434 | D:3      | Reached XP level 5. HP: 24/30 MP: 10/10
  3366 | D:3      | Reached skill level 2 in Hexes
  3366 | D:3      | Reached skill level 4 in Charms
  3703 | D:4      | Learned a level 3 spell: Regeneration
  3710 | D:4      | Reached XP level 6. HP: 35/35 MP: 11/11
  4250 | D:4      | Reached skill level 3 in Hexes
  4481 | D:4      | Noticed a phantom
  4505 | D:4      | Killed a phantom
  4505 | D:4      | Reached skill level 5 in Charms
  4505 | D:4      | Reached XP level 7. HP: 28/39 MP: 11/13
  4517 | D:4      | Noticed an ogre
  4539 | D:4      | Mangled by an ogre

Vanquished Creatures
  A phantom (D:4)
  An orc priest (D:3)
  2 worker ants (D:4)
  2 orc wizards (D:4)
  A hound skeleton (D:4)
  7 adders
  3 gnolls (D:4)
  An inept item mimic (D:4)
  2 worms (D:3)
  A giant mite (D:1)
  3 giant geckos
  An ooze (D:3)
  21 orcs
  6 bats
  A bat skeleton (D:4)
  4 giant cockroaches
  5 goblins
  11 hobgoblins
  21 jackals
  A ball python (D:3)
  3 giant newts
  A giant newt skeleton (D:4)
  10 kobolds
  A kobold skeleton (D:4)
  2 quokkas
  8 rats
  A plant (D:1)
121 creatures vanquished.

Vanquished Creatures (others)
  A spectral weapon (D:4)
1 creature vanquished.

Grand Total: 122 creatures vanquished
